 Dungeon Crawl Stone Soup version 0.30-a0-634-g8abc85282e (webtiles) character file.

Game seed: 7098250842271743912

367 Bnni the Cutter (level 6, -3/33 HPs)
             Began as a Vine Stalker Brigand on Jan 14, 2023.
             Succumbed to a scorpion's poison
             ... on level 4 of the Dungeon.
             The game lasted 00:04:28 (2408 turns).

Bnni the Cutter (Vine Stalker Brigand)              Turns: 2408, Time: 00:04:28

Health: -3/33      AC: 14    Str: 13    XL:     6   Next: 69%
Magic:  6/7        EV:  5    Int: 11    God:
Gold:   180        SH:  0    Dex: 18    Spells: 5/5 levels left

rFire   . . .      SeeInvis .    s - +0 short sword (speed)
rCold   . . .      Faith    .    (no shield)
rNeg    + . .      Spirit   +    r - +0 chain mail
rPois   .          Reflect  .    t - +0 helmet
rElec   .          Harm     .    c - +0 cloak
rCorr   .          Rampage  .    (no gloves)
Will    .....                    (no boots) Stlth
                                 (no amulet)
HPRegen 1.05/turn                l - ring of positive energy
MPRegen 0.10/turn                g - +4 ring of protection

@: lethally poisoned (-3 -> -16), hasted, very quick
A: fangs 2, regeneration 1, magic shield, antimagic bite, no potion heal 2
a: no special abilities


You were on level 4 of the Dungeon.
You visited 1 branch of the dungeon, and saw 4 of its levels.

You collected 180 gold pieces.

Inventory:

Hand Weapons
 a - a +2 dagger
 s - a +0 short sword of speed (weapon)
Missiles
 d - 9 poisoned darts (quivered)
 m - a curare-tipped dart
Armour
 c - a +0 cloak (worn)
 r - a +0 chain mail (worn)
 t - a +0 helmet (worn)
Jewellery
 g - a +4 ring of protection (right hand)
 l - a ring of positive energy (left hand)
Scrolls
 e - a scroll of enchant weapon {unknown}
 f - 2 scrolls of noise {unknown}
 i - a scroll of fog {unknown}
 j - a scroll of butterflies {unknown}
 p - 3 scrolls of teleportation
 q - a scroll of vulnerability {unknown}
 u - a scroll of immolation {unknown}
 v - a scroll of identify {unknown}
Potions
 b - a potion of lignification {unknown}
 h - a potion of haste
 k - a potion of attraction {unknown}
 n - a potion of might {unknown}
 o - a potion of mutation {unknown}
 w - a potion of degeneration {unknown}


   Skills:
 + Level 3.8 Fighting
 * Level 5.2 Short Blades
 - Level 1.7 Throwing
 - Level 0.7 Dodging
 - Level 4.8 Stealth


You had 5 spell levels left.
You didn't know any spells.
Your spell library contained the following spells:

 Spells                   Type           Power      Damage    Failure   Level
 Sandblast                Erth           0%         2d4       100%        1
 Shock                    Conj/Air       0%         1d3       100%        1
 Passwall                 Tmut/Erth      0%         N/A       100%        2
 Stone Arrow              Conj/Erth      0%         3d7       100%        3
 Swiftness                Air            0%         N/A       100%        3
 Tukima's Dance           Hex            0%         N/A       100%        3
 Airstrike                Air            0%         2d(0-16)  100%        4
 Passage of Golubria      Tloc           0%         N/A       100%        4
 Yara's Violent Unravell  Hex/Tmut       0%         3d3       100%        5


Dungeon Overview and Level Annotations

Branches:
Dungeon (4/15)
 Temple: D:4-7

Altars:
Xom

Shops:
D:2 ?


Innate Abilities, Weirdness & Mutations

You have extremely sharp teeth.
Your natural rate of healing is unusually fast.
When hurt, damage is shared between your health and your magic reserves.
Your bite disrupts and absorbs the magic of your enemies.
Potions cannot restore your health.


Message History

The scorpion is moderately wounded.
You feel sick. The scorpion stings you.
You are more poisoned.
The scorpion poisons you!
A scorpion is nearby!
A scorpion is nearby!
You hit the scorpion but do no damage. You bite the scorpion.
You drain its power.
You feel invigorated.
The scorpion is moderately wounded.
You feel very sick.
You are too injured to fight recklessly!
You are too injured to fight recklessly!
That's the wrong kind of item! (Use * to select it.) Fire/throw/use which item? ([*] to toss any item) (? for menu, Esc to quit)
Okay, then.
Throw: 3 darts (curare)
Press: ? - help, Shift-Dir - straight line, f - scorpion
Aim: a scorpion (moderately wounded, 62% to hit)
You throw a curare-tipped dart.
The curare-tipped dart closely misses the scorpion.
You feel very sick. The scorpion stings you.
Throw: 2 darts (curare)
Press: ? - help, Shift-Dir - straight line, f/p - scorpion
Aim: a scorpion (moderately wounded, 62% to hit)
You throw a curare-tipped dart.
The curare-tipped dart hits the scorpion.
The scorpion is poisoned.
The scorpion convulses.
The scorpion seems to slow down.
The scorpion is heavily wounded.
* * * LOW HITPOINT WARNING * * *
You feel very sick. The scorpion stings you.
* * * LOW HITPOINT WARNING * * *
You are more poisoned.
The scorpion poisons you!
* * * LOW HITPOINT WARNING * * *
You feel extremely sick.
It was a potion of haste.
You feel yourself speed up.
You die...

################.###
#.# #.# #######.#
###.>.....#
#.....##### #.#.#.#
# #.#.############ #
#...?@s(......
##############


You could see a scorpion (very poisoned, slow).

Vanquished Creatures
  Grinder (D:3)
  A howler monkey (D:4)
  A hound (D:4)
  Robin (D:3)
  4 adders (D:2)
  A worm (D:3)
  2 dart slugs
  2 orcs (D:4)
  6 ball pythons
  3 bats
  3 endoplasms
  2 giant cockroaches
  13 goblins
  9 hobgoblins
  6 jackals
  2 kobolds
  3 quokkas
  2 frilled lizards
  4 rats
66 creatures vanquished.

Notes
Turn   | Place    | Note
-------+----------+-------------------------------------------
     0 | D:1      | Bnni the Vine Stalker Brigand began the quest for the Orb.
     0 | D:1      | Reached XP level 1. HP: 11/11 MP: 2/2
   117 | D:1      | Reached skill level 2 in Short Blades
   198 | D:1      | Reached XP level 2. HP: 15/15 MP: 3/3
   591 | D:2      | Reached XP level 3. HP: 14/19 MP: 4/4
   642 | D:2      | Reached skill level 3 in Short Blades
   643 | D:2      | Found Iqeris's Magic Scroll Shop.
   713 | D:2      | Identified the +2 leather armour of Beogh's Reproof {rF++
                  | Dex-3}
   974 | D:2      | Gained mutation: Your natural rate of healing is unusually
                  | fast. [Vine Stalker growth]
   974 | D:2      | Reached XP level 4. HP: 19/23 MP: 3/5
  1324 | D:3      | Noticed Grinder
  1363 | D:3      | Killed Grinder
  1364 | D:3      | Reached skill level 4 in Short Blades
  1364 | D:3      | Reached XP level 5. HP: 10/28 MP: 6/6
  1364 | D:3      | Reached XP level 6. HP: 12/32 MP: 7/7
  1374 | D:3      | Found a faded altar of an unknown god.
  1420 | D:3      | Found a shimmering altar of Xom.
  1712 | D:3      | Noticed Robin
  1745 | D:3      | Killed Robin
  2085 | D:4      | Reached skill level 5 in Short Blades
  2407 | D:4      | HP: 1/33 [poisoned by a scorpion]
  2408 | D:4      | Succumbed to a scorpion's poison

Illustrated notes

Levels and vault maps discovered:
D:1:      lightli_arrival_lavapool, layout_rooms, st_stairs_2
D:2:      layout_basic, serial_shops, nicolae_shop_advertising_works
          [nicolae_subvault_shop_adworks]
D:3:      layout_basic, nicolae_overflow_crystal_walls,
          chequers_ecumenical_altar_island, uniq_robin, uniq_grinder
D:4:      layout_loops_ring, hangedman_abyss_or_decor_jellyfish_corner,
          minmay_fountain_box, minmay_pentangle

Skill      XL: |  1  2  3  4  5  6 |
---------------+-------------------+-----
Short Blades   | 2 3 4 5 |  5.2
Fighting       | 2 3 |  3.8
Throwing       | |  1.7
Dodging        | |  0.7
Stealth        | |  4.8

Action                   |  1- 3 |  4- 6 || total
-------------------------+-------+-------++-------
Melee: Dagger            |    70 |   107 ||   177
       Bite              |    17 |    51 ||    68
       Short sword       |       |    52 ||    52
       Punch             |       |     4 ||     4
Throw: Dart              |       |     6 ||     6
  Use: Scroll            |       |     1 ||     1
       Potion            |       |     1 ||     1
 Stab: Sleeping          |     2 |       ||     2
Armor: Ring mail         |    31 |       ||    31
       Scale mail        |     8 |    13 ||    21
       Chain mail        |       |    65 ||    65
Dodge: Dodged            |    40 |    21 ||    61

Table legend: (Time is in decaauts)
 A = Elapsed time spent in this place.
 B = Non-inter-level travel time spent in this place.
 C = Inter-level travel time spent in this place.
 D = Time resting spent in this place.
 E = Time spent auto-exploring this place.
 F = Levels seen in this place.
 G = Mean time per level.
                   A        B        C        D        E       F      G
               +--------+--------+--------+--------+--------+-----+--------+
         Total |   2345 |   2247 |     98 |      9 |   1756 |   4 |  586.2 |
       Dungeon |   2345 |   2247 |     98 |      9 |   1756 |   4 |  586.2 |
               +--------+--------+--------+--------+--------+-----+--------+

Top non-repeatable levels by time:
     D:2: 824 daAuts
     D:3: 753 daAuts
     D:1: 466 daAuts
     D:4: 302 daAuts
